 Dungeon Crawl Stone Soup version 0.18-a0-1243-g9e52518 (webtiles) character file.

92 Duffy the Ruffian (level 4, 0/35 HPs)
             Began as a Mummy Fighter on Feb 5, 2016.
             Slain by Sigmund
             ... wielding a +0 scythe
              (12 damage)
             ... on level 2 of the Dungeon.
             The game lasted 00:01:13 (1616 turns).

Duffy the Ruffian (Mummy Fighter)                   Turns: 1616, Time: 00:01:14

Health: 0/35       AC:  6    Str: 20    XL:     4   Next: 35%
Magic:  4/4        EV:  9    Int:  7    God:
Gold:   29         SH:  0    Dex: 11    Spells: 0 memorised, 3 levels left

rFire  x . .     SeeInvis .       - Unarmed
rCold  + . .     Gourm    .     a - +0 scale mail
rNeg   + + +     Faith    .     (no shield)
rPois  ∞         Spirit   .     (no helmet)
rElec  .         Dismiss  .     (no cloak)
rCorr  .         Reflect  .     (no gloves)
SustAt .         Harm     .     (no boots)
MR     .....                    (no amulet)
Stlth  ..........               (no ring)
                                (no ring)

@: confused, not resistant to hostile enchantments, extremely unstealthy
A: no food or potions, fire vulnerability, cold resistance 1, negative energy
resistance 3, torment resistance, unbreathing
a: no special abilities


You were on level 2 of the Dungeon.
You were not hungry.

You visited 1 branch of the dungeon, and saw 2 of its levels.

You collected 29 gold pieces.


Innate Abilities, Weirdness & Mutations

You do not eat or drink.
Your flesh is vulnerable to fire.
You are immune to poison.
Your flesh is cold resistant.
You are immune to negative energy.
You are immune to unholy pain and torment.
You can survive without breathing.


   Skills:
 - Level 3.0 Fighting
 - Level 2.4 Armour
 - Level 2.4 Shields
 + Level 3.8 Unarmed Combat


You had 3 spell levels left.
You didn't know any spells.

Inventory:

Missiles
 c - 14 poisoned needles
 e - 3 javelins (quivered)
Armour
 a - a +0 scale mail (worn)
 b - a +0 shield
Scrolls
 d - a scroll of identify {unknown}

Dungeon Overview and Level Annotations

Branches:
Dungeon (2/15)

Altars:
Dithmenos

Annotations:
D:2 Sigmund


Message History

You punch Sigmund! Your punch misses Sigmund.
Sigmund is moderately wounded.
You barely miss Sigmund.
Sigmund is moderately wounded.
Sigmund hits you with a scythe.
You hit Sigmund.
Sigmund is heavily wounded.
Sigmund hits you with a scythe!
You hit Sigmund.
Sigmund is heavily wounded.
You hit Sigmund.
Sigmund is severely wounded.
Sigmund points at you and mumbles some strange words.
You are confused.
You are too confused!
You are too confused!
You are too confused!
You are too confused!
You are too confused!
You are too confused!
You are too confused!
You are too confused!
You are too confused!
You are too confused!
You are too confused!
You are too confused!
You are too confused!
You are too confused!
You are too confused!
You are too confused!
You're too confused to move!
Sigmund points at you and mumbles some strange words.
The puff of flame hits you! The fire burns you terribly!
You're too confused to move!
Sigmund hits you with a scythe!
You die...

## ### ### .. ...
... .##### #.#
#.### .....# #.#
#... ..#..#######.#
#..# .###.......#.#
#.@# .###..##.....#
#@.#
..#..###.....###..#
.....##...........#
............####.##
.......##...# #.#
.._...####.## #.#
.......# ..# #.#
...........# ..#
.!...##...# .##


You could see Sigmund.

Action                   |  1- 3 |  4- 6 || total
-------------------------+-------+-------++-------
Melee: Unarmed           |   151 |    20 ||   171

Notes
Turn   | Place    | Note
--------------------------------------------------------------
     0 | D:1      | Duffy the Mummy Fighter began the quest for the Orb.
     0 | D:1      | Reached XP level 1. HP: 18/18 MP: 1/1
    75 | D:1      | Reached skill level 2 in Unarmed Combat
   305 | D:1      | Reached XP level 2. HP: 24/24 MP: 2/2
  1143 | D:2      | Noticed Natasha
  1156 | D:2      | Killed Natasha
  1156 | D:2      | Reached skill level 3 in Unarmed Combat
  1156 | D:2      | Reached XP level 3. HP: 21/29 MP: 3/3
  1353 | D:2      | Found a shadowy altar of Dithmenos.
  1353 | D:2      | Noticed Ijyb
  1374 | D:2      | Killed Ijyb
  1374 | D:2      | Reached XP level 4. HP: 20/35 MP: 4/4
  1601 | D:2      | Noticed Sigmund
  1616 | D:2      | Slain by Sigmund

Vault maps used:
D:1:      evilmike_arrival_crescent
D:2:      overflow_temple_1_default, nicolae_dithmenos_shadow_blocks, uniq_iyjb,
          uniq_sigmund, uniq_natasha

Vanquished Creatures
  Ijyb Natasha
  An adder
  3 bats
  3 giant cockroaches
  4 goblins
  7 hobgoblins
  6 kobolds
  A ball python
  2 giant newts
  2 rats
31 creatures vanquished.
